 Dungeon Crawl Stone Soup version 0.27-a0-1137-g3ef0f4ec91 (webtiles) character file.

Game seed: 17537097688982649419

26 kae the Skirmisher (level 2, 0/24 HPs)
             Began as a Demonspawn Abyssal Knight on May 6, 2021.
             Was a Follower of Lugonu.
             Slain by a goblin
             ... wielding a +0 club
              (3 damage)
             ... on level 2 of the Dungeon.
             The game lasted 00:00:41 (1247 turns).

kae the Skirmisher (Demonspawn Abyssal Knight)      Turns: 1247, Time: 00:00:41

Health: 0/24       AC:  3    Str: 12    XL:     2   Next: 89%
Magic:  3/3        EV: 11    Int: 13    God:    Lugonu [*.....]
Gold:   31         SH:  0    Dex: 12    Spells: 1/1 levels left

rFire    . . .     SeeInvis .   a - +1 falchion
rCold    . . .     Faith    .   (no shield)
rNeg     . . .     Spirit   .   b - +0 leather armour
rPois    .         Reflect  .   (no helmet)
rElec    .         Harm     .   (no cloak)
rCorr    .         Rampage  .   (no gloves)
Will     .....                  (no boots)
Stlth    +.........             (no amulet)
HPRegen  0.08/turn              (no ring)
MPRegen  0.08/turn              (no ring)

@: flying, invisible
A: claws 1
a: Renounce Religion, Depart the Abyss


You were on level 2 of the Dungeon.
You worshipped Lugonu.
Lugonu was aware of your devotion.
You visited 1 branch of the dungeon, and saw 2 of its levels.
You visited the Abyss 1 time.

You collected 31 gold pieces.

Inventory:

Hand Weapons
 a - a +1 falchion (weapon)
Armour
 b - a +0 leather armour (worn)
Jewellery
 c - a ring of protection from cold
Scrolls
 f - a scroll of enchant armour {unknown}
 g - 2 scrolls of identify {unknown}
 h - a scroll of enchant weapon {unknown}
Potions
 i - a potion of heal wounds {unknown}


   Skills:
 - Level 3.0 Fighting
 - Level 2.5 Long Blades
 - Level 1.7 Armour
 - Level 0.8 Dodging
 + Level 1.5 Unarmed Combat
 - Level 2.4 Invocations


You had one spell level left.
You didn't know any spells.
Your spell library contained the following spells:

 Spells                   Type           Power      Damage    Failure   Level
 Corona                   Hex            0%         N/A       36%         1
 Ensorcelled Hibernation  Hex/Ice        0%         N/A       52%         2
 Confusing Touch          Hex            0%         N/A       75%         3
 Dazzling Flash           Conj/Hex       0%         N/A       75%         3
 Tukima's Dance           Hex            0%         N/A       75%         3


Dungeon Overview and Level Annotations

Branches:
Dungeon (2/15)

Altars:


Innate Abilities, Weirdness & Mutations

You have sharp fingernails.


Message History

There are monsters nearby!
There are monsters nearby!
You barely miss the goblin. The goblin hits you with a +0 club.
You closely miss the goblin. The goblin hits you with a +0 club. x2
There are monsters nearby!
You are too injured to fight recklessly!
You are too injured to fight recklessly!
You are too injured to fight recklessly!
You are too injured to fight recklessly!
You are too injured to fight recklessly!
You are too injured to fight recklessly!
You are too injured to fight recklessly!
You are too injured to fight recklessly!
You barely miss the goblin. The goblin barely misses you.
The hobgoblin hits you.
You barely miss the hobgoblin. The goblin hits you but does no damage.
The hobgoblin closely misses you.
You riposte.
You hit the hobgoblin but do no damage. The goblin barely misses you.
You riposte.
You completely miss the goblin. You hit the hobgoblin but do no damage.
The goblin hits you with a +0 club.
* * * LOW HITPOINT WARNING * * *
The hobgoblin barely misses you. The goblin barely misses you.
You barely miss the hobgoblin. The goblin barely misses you.
The goblin hits you with a +0 club.
* * * LOW HITPOINT WARNING * * *
The hobgoblin hits you.
* * * LOW HITPOINT WARNING * * *
The hobgoblin hits you.
* * * LOW HITPOINT WARNING * * *
You see here a red potion.
The goblin closely misses you.
You riposte.
You slash the goblin!
You kill the goblin!
Lugonu accepts your kill.
It was a potion of flight.
You feel very buoyant.
You fly up into the air.
The goblin hits you but does no damage.
It was a potion of invisibility.
You fade into invisibility!
The goblin hits you with a +0 club.
You die...

#[....###.## #.........#
#######......#..######.........
#......##.#....................
#......##.#.########...........
#.....<.....# #....[......
#....†..#.### ###..)......
#.......#.# #....[....
#...........##########.....(...
#.........#...@gg..............
#.......#########............).
####..... ..........)........
###.## #####..............
#..>........... #..............
#######..###### ...## .###


You could see a hobgoblin and a goblin.

Vanquished Creatures
  2 ball pythons
  2 bats
  3 endoplasms
  A giant cockroach (D:2)
  2 goblins
  3 hobgoblins (D:1)
  A frilled lizard (D:1)
  5 kobolds
  5 rats (D:1)
24 creatures vanquished.

Notes
Turn   | Place    | Note
-------+----------+-------------------------------------------
     0 | Abyss:1  | kae the Demonspawn Abyssal Knight began the quest for the
                  | Orb.
     0 | Abyss:1  | Reached XP level 1. HP: 18/18 MP: 2/2
    62 | Abyss:1  | Noticed a wretched star
    64 | D:1      | Escaped the Abyss
   568 | D:1      | Gained mutation: You have sharp fingernails. [demonic
                  | ancestry]
   568 | D:1      | Reached XP level 2. HP: 24/24 MP: 3/3
   773 | D:1      | Reached * piety under Lugonu
   981 | D:1      | Reached skill level 1 in Unarmed Combat
  1154 | D:2      | Found a faded altar of an unknown god.
  1247 | D:2      | Slain by a goblin

Illustrated notes

Levels and vault maps discovered:
D:1:      dpeg_arrival_tiny_k, layout_basic
D:2:      layout_rooms, ebering_ecumenical_altar_abandoned

Skill      XL: |  1  2 |
---------------+-------+-----
Long Blades    | 2 |  2.5
Unarmed Combat | 1 |  1.5
Fighting       | |  3.0
Armour         | |  1.7
Dodging        | |  0.8
Invocations    | |  2.4

Action                   || total
-------------------------++-------
Melee: Falchion          ||    59
Invok: Depart the Abyss  ||     1
  Use: Potion            ||     2
Armor: Leather armour    ||    19
Dodge: Dodged            ||    43
       Rpst.: Falchion   ||    15

Table legend: (Time is in decaauts)
 A = Elapsed time spent in this place.
 B = Non-inter-level travel time spent in this place.
 C = Inter-level travel time spent in this place.
 D = Time resting spent in this place.
 E = Time spent auto-exploring this place.
 F = Levels seen in this place.
 G = Mean time per level.
                   A        B        C        D        E       F      G
               +--------+--------+--------+--------+--------+-----+--------+
         Total |   1259 |   1254 |      5 |      0 |   1085 |   3 |  419.7 |
       Dungeon |   1195 |   1190 |      5 |      0 |   1025 |   2 |  597.5 |
         Abyss |     64 |     64 |      0 |      0 |     60 |   1 |   64.0 |
               +--------+--------+--------+--------+--------+-----+--------+

Top non-repeatable levels by time:
     D:1: 1053 daAuts
     D:2: 142 daAuts
 Abyss:1: 64 daAuts
